 Dungeon Crawl Stone Soup version 0.18-a0-1782-gb76a692 (webtiles) character file.

64 epen the Distorting Demonspawn (level 3, -2/29 HPs)
             Began as a Demonspawn Abyssal Knight on Apr 17, 2016.
             Was a Believer of Lugonu.
             Slain by Crazy Yiuf
             ... wielding a +4 quarterstaff of chaos
              (12 damage)
             ... on level 2 of the Dungeon.
             The game lasted 00:03:06 (2183 turns).

epen the Distorting Demonspawn (DsAK)               Turns: 2183, Time: 00:03:07

Health: -2/29      AC:  7    Str: 13    XL:     3   Next: 91%
Magic:  6/6        EV: 10    Int: 13    God:    Lugonu [**....]
Gold:   62         SH:  0    Dex: 12    Spells: 0 memorised, 2 levels left

rFire  . . .     SeeInvis .     a - +1 falchion
rCold  . . .     Gourm    .     i - +0 ring mail
rNeg   . . .     Faith    .     (no shield)
rPois  .         Spirit   .     (no helmet)
rElec  .         Dismiss  .     (no cloak)
rCorr  .         Reflect  .     (no gloves)
SustAt .         Harm     +     (no boots)
MR     .....                    g - amulet of harm
Stlth  ..........               (no ring)
                                (no ring)

@: confused, not resistant to hostile enchantments, extremely unstealthy
A: slimy green scales 1, demonic guardian 1
a: Depart the Abyss, Bend Space, Renounce Religion


You were on level 2 of the Dungeon.
You worshipped Lugonu.
Lugonu was pleased with you.
You were not hungry.

You visited 1 branch of the dungeon, and saw 2 of its levels.
You visited the Abyss 1 time.

You collected 62 gold pieces.

Inventory:

Hand Weapons
 a - a +1 falchion (weapon)
Armour
 b - a +0 leather armour
 i - a +0 ring mail (worn)
Jewellery
 d - an uncursed amulet of guardian spirit
 g - an amulet of harm (around neck)
Scrolls
 e - 2 scrolls of identify {unknown}
Potions
 f - a potion of curing {unknown}
 k - a potion of mutation {unknown}
Comestibles
 c - a bread ration
 h - a slice of pizza
 j - 2 chunks of flesh


   Skills:
 - Level 3.0 Fighting
 * Level 2.6 Long Blades
 - Level 1.7 Armour
 + Level 1.6 Dodging
 * Level 4.2 Invocations


You had 2 spell levels left.
You didn't know any spells.

Dungeon Overview and Level Annotations

Branches:
Dungeon (2/15)

Altars:

Annotations:
D:2 Crazy Yiuf, Sigmund


Innate Abilities, Weirdness & Mutations

You are partially covered in slimy green scales (AC +2).
A weak demonic guardian rushes to your aid.


Message History

Are you sure you want to stumble around while confused and next to your iron imp? [Y]es or [N]o only, please.
Are you sure you want to stumble around while confused and next to your iron imp?
Okay, then.
Are you sure you want to stumble around while confused and next to your iron imp?
Okay, then.
Are you sure you want to stumble around while confused and next to your iron imp?
Okay, then.
Are you sure you want to stumble around while confused and next to your iron imp?
Okay, then.
You hear some strange, mumbled words.
Your iron imp appears confused.
Something completely misses you.
Your iron imp closely misses you.
Crazy Yiuf cries, "Snurf fast song!"
Something hits you.
Are you sure you want to stumble around while confused and next to your iron imp?
Okay, then.
Something hits you!
Crazy Yiuf hits you with a quarterstaff of chaos!
You die...

# #.##### .#
#......)##.. #
#.....# ♣.
######..##..
############ .♣
##.##.. .†)...#
♣♣.♣ #..#..
......# ♣.♣♣
##.### ......#
♣♣.♣♣ #######..##
......### ♣...♣♣
#..........
........# ♣..g5♣
##+######.##
........# ##5@##
#......##.#
#####...# #....#
#......##.# #...#
##...# #......##.#
#...# ##.##
#....†.##.## #...#
#.# ##†######..#
#####
#.######'#######.#
#.............##..
#####.........###.
#.........# #.


You could see Crazy Yiuf, a friendly iron imp (confused) and a friendly
ufetubus.

Vanquished Creatures
  2 adders (D:2)
  3 worms (D:2)
  2 dart slugs (D:2)
  A giant gecko (D:1)
  6 giant cockroaches
  3 goblins
  4 kobolds
  5 bats
  A giant newt (D:2)
  6 rats
33 creatures vanquished.

Vanquished Creatures (collateral kills)
  A bat (D:2)
1 creature vanquished.

Grand Total: 34 creatures vanquished

Notes
Turn   | Place    | Note
--------------------------------------------------------------
     0 | Abyss:1  | epen the Demonspawn Abyssal Knight began the quest for the Orb.
     0 | Abyss:1  | Reached XP level 1. HP: 18/18 MP: 2/2
    18 | Abyss:1  | Found a radiant altar of Vehumet.
    44 | Abyss:1  | Noticed a shadow
    46 | D:1      | Escaped the Abyss
   391 | D:1      | Reached skill level 3 in Invocations
   423 | D:1      | Reached skill level 1 in Dodging
   423 | D:1      | Gained mutation: A weak demonic guardian rushes to your aid. [demonic ancestry]
   423 | D:1      | Reached XP level 2. HP: 23/24 MP: 4/4
   431 | D:1      | Reached * piety under Lugonu
  1249 | D:2      | Gained mutation: You are partially covered in slimy green scales (AC +2). [demonic ancestry]
  1249 | D:2      | Reached XP level 3. HP: 19/29 MP: 5/5
  1945 | D:2      | Reached skill level 4 in Invocations
  2150 | D:2      | Reached ** piety under Lugonu
  2170 | D:2      | Noticed Sigmund
  2179 | D:2      | Noticed Crazy Yiuf
  2183 | D:2      | Slain by Crazy Yiuf

Vault maps used:
D:1:      mrwooster_arrival_statue_3
D:2:      uniq_crazy_yiuf_cottage, uniq_sigmund

Skill      XL: |  1  2  3 |
---------------+----------+-----
Long Blades    | 2 |  2.6
Invocations    | 3 4 |  4.2
Dodging        | 1 |  1.6
Fighting       | |  3.0
Armour         | |  1.7

Action                   || total
-------------------------++-------
Melee: Falchion          ||   117
Invok: Depart the Abyss  ||     1
 Stab: Sleeping          ||     2
  Eat: Chunk             ||     4
Armor: Leather armour    ||    25
       Ring mail         ||    23
Dodge: Dodged            ||   106
